 Dungeon Crawl Stone Soup version 0.26-a0-651-gb41185065b (webtiles) character file.

Game seed: 16940788370346296889

161 Lanoc the Cudgeler (level 5, 0/33 HPs)
             Began as a Gargoyle Berserker on Oct 30, 2020.
             Was a Believer of Trog.
             Slain by an ogre
             ... wielding a +0 giant club
              (15 damage)
             ... on level 3 of the Dungeon.
             The game lasted 00:03:36 (2373 turns).

Lanoc the Cudgeler (Gargoyle Berserker)             Turns: 2373, Time: 00:03:37

Health: 0/33       AC:  6    Str: 20    XL:     5   Next: 42%
Magic:  5/5        EV: 12    Int:  8    God:    Trog [**....]
Gold:   111        SH:  0    Dex: 10    Spells: 4/4 levels left

rFire    . . .     SeeInvis .   a - +0 mace
rCold    . . .     Faith    .   (no shield)
rNeg     + . .     Spirit   .   b - +0 animal skin
rPois    ∞         Reflect  .   (no helmet)
rElec    +         Harm     .   (no cloak)
rCorr    .         Rampage  .   (no gloves)
MR       .....     Rnd*Tele +   (no boots)
Stlth    +.........             (no amulet)
HPRegen  0.11/turn              h - ring of teleportation (curse)
MPRegen  0.09/turn              n - ring of flight

@: no status effects
A: negative energy resistance 1, electricity resistance, unbreathing,
petrification resistance, rot immunity, AC +4
a: Berserk, Trog's Hand, Renounce Religion, Evoke Flight


You were on level 3 of the Dungeon.
You worshipped Trog.
Trog was pleased with you.
You visited 1 branch of the dungeon, and saw 4 of its levels.

You collected 111 gold pieces.

Inventory:

Hand Weapons
 a - a +0 mace (weapon)
Missiles
 d - 3 silver boomerangs (quivered)
Armour
 b - a +0 animal skin (worn)
Jewellery
 h - a cursed ring of teleportation (left hand)
 n - a ring of flight (right hand)
Scrolls
 c - 3 scrolls of remove curse {unknown}
 e - 3 scrolls of identify {unknown}
 g - 3 scrolls of teleportation {unknown}
 i - a scroll of enchant armour {unknown}
 j - a scroll of immolation {unknown}
 l - a scroll of fear {unknown}
 m - 2 scrolls of fog {unknown}
 o - a scroll of blinking {unknown}
Potions
 f - a potion of flight {unknown}
 k - 3 potions of heal wounds {unknown}
 p - a potion of curing {unknown}


   Skills:
 + Level 4.1 Fighting
 * Level 4.3 Maces & Flails
 + Level 3.3 Armour
 + Level 2.3 Dodging


You had 4 spell levels left.
You didn't know any spells.
Your spell library was empty.

Dungeon Overview and Level Annotations

Branches:
Dungeon (4/15)
 Temple: D:4-7

Altars:
Ashenzari
Elyvilon
Hepliaklqana
Makhleb
Sif Muna
Vehumet
Xom
The Shining One

Annotations:
D:2 Sigmund


Innate Abilities, Weirdness & Mutations

You are resistant to torment.
Your stone body is resilient. (AC +4)
You are immune to poison.
You resist negative energy. (rN+)
You are resistant to electric shocks. (rElec)
You can survive without breathing.
You are immune to petrification.
You are immune to rotting.


Message History

The ogre shouts!
You hit the orc.
The orc is heavily wounded.
The orc hits you but does no damage.
The orc wizard drinks a potion.
The orc wizard suddenly seems more resistant.
The orc wizard casts a spell.
The orc wizard seems to speed up.
The orc wizard mumbles some strange words.
The orc wizard flickers and vanishes!
Deactivating autopickup; reactivate with Ctrl-A.
The orc hits you but does no damage.
There is a stone staircase leading up here.
The ogre hits you with a +0 giant club!!
Ouch! That really hurt!
You climb upwards.
Reactivating autopickup.
There is a stone staircase leading down here.
The ogre hits you with a +0 giant club!
You die...

#####(....#.
#...........
#........)).
#........)..
######.........).
#................
#.####...........
####.######.........
#..@................
#.oO................
#..>.........####..#
#............#####..
#...............#..#
#............##.....
#.................##
#..............#....
#...................


You could see an ogre and an orc.

Vanquished Creatures
  4 gnolls (D:3)
  5 adders
  2 dart slugs
  A worm (D:2)
  A leopard gecko (D:2)
  2 orcs (D:3)
  9 bats
  11 giant cockroaches
  7 goblins
  4 hobgoblins
  4 jackals (D:2)
  4 frilled lizards
  7 kobolds
  6 rats
67 creatures vanquished.

Notes
Turn   | Place    | Note
-------+----------+-------------------------------------------
     0 | D:1      | Lanoc the Gargoyle Berserker began the quest for the Orb.
     0 | D:1      | Reached XP level 1. HP: 14/14 MP: 1/1
   237 | D:1      | Reached XP level 2. HP: 17/19 MP: 2/2
   635 | D:2      | Reached XP level 3. HP: 23/23 MP: 3/3
   724 | D:2      | Reached ** piety under Trog
   775 | D:2      | Found a glowing golden altar of the Shining One.
  1011 | D:2      | Found a radiant altar of Vehumet.
  1012 | D:2      | Found a burning altar of Makhleb.
  1027 | D:2      | Reached XP level 4. HP: 18/29 MP: 4/4
  1627 | D:2      | Noticed Sigmund
  1664 | D:3      | Found a white marble altar of Elyvilon.
  1783 | D:3      | Reached XP level 5. HP: 33/33 MP: 5/5
  2136 | D:3      | Found a shimmering altar of Xom.
  2137 | D:3      | Found a hazy altar of Hepliaklqana.
  2138 | D:3      | Noticed a spectral ugly thing
  2222 | D:4      | Found a shimmering blue altar of Sif Muna.
  2226 | D:4      | Noticed a black bear
  2357 | D:4      | Found a broken altar of Ashenzari.
  2362 | D:4      | Noticed an ogre
  2373 | D:3      | Slain by an ogre

Illustrated notes

Levels and vault maps discovered:
D:1:      dpeg_arrival_arbitrary_b, layout_rooms, hangedman_decor_peaks_small,
          minmay_misc_feat_pillars, minmay_pentomino_q2
D:2:      layout_loops_ring, chequers_temple_overflow_statue_of_worship,
          old_standard_altar, uniq_sigmund
D:3:      layout_rooms, regret_index_temple_of_mockery, elyvilon_altar_4,
          minmay_fractal_squares_diagonal_5
D:4:      layout_rooms, lemuel_crystal_altar, amethyst_overflow_temple_binary,
          temple_hall, evilmike_ruin_ashenzari, uniq_menkaure

Skill      XL: |  1  2  3  4 |
---------------+-------------+-----
Dodging        | 2 |  2.3
Maces & Flails | 4 |  4.3
Armour         | 3 |  3.3
Fighting       | 4 |  4.1

Action                   |  1- 3 |  4- 6 || total
-------------------------+-------+-------++-------
Melee: Mace              |    92 |   110 ||   202
Throw: Boomerang         |     4 |       ||     4
Invok: Berserk           |     3 |     3 ||     6
 Stab: Sleeping          |     1 |       ||     1
Armor: Animal skin       |    44 |    43 ||    87
Dodge: Dodged            |    67 |    88 ||   155

Table legend: (Time is in decaauts)
 A = Elapsed time spent in this place.
 B = Non-inter-level travel time spent in this place.
 C = Inter-level travel time spent in this place.
 D = Time resting spent in this place.
 E = Time spent auto-exploring this place.
 F = Levels seen in this place.
 G = Mean time per level.
                   A        B        C        D        E       F      G
               +--------+--------+--------+--------+--------+-----+--------+
         Total |   2456 |   2413 |     43 |      0 |   1935 |   4 |  614.0 |
       Dungeon |   2456 |   2413 |     43 |      0 |   1935 |   4 |  614.0 |
               +--------+--------+--------+--------+--------+-----+--------+

Top non-repeatable levels by time:
     D:2: 1031 daAuts
     D:3: 724 daAuts
     D:1: 652 daAuts
     D:4: 47 daAuts
